 Dungeon Crawl Stone Soup version 0.31-a0-986-g5e6e4ef867 (webtiles) character file.

Game seed: 13862722523021324552

878 quinnr the Conjurer (level 8, -3/45 HPs)
             Began as a Tengu Air Elementalist on Nov 18, 2023.
             Was an Initiate of Vehumet.
             Slain by a scorpion (6 damage)
             ... in the Ecumenical Temple.
             The game lasted 00:14:38 (7752 turns).

quinnr the Conjurer (Tengu Air Elementalist)        Turns: 7752, Time: 00:14:38

Health: -3/45      AC:  3    Str:  9    XL:     8   Next: 4%
Magic:  9/13       EV: 17    Int: 17    God:    Vehumet [......]
Gold:   144        SH:  0    Dex: 15    Spells: 5/13 levels left

rFire   + + +        r - +4 whip "Puofraox" {flame, rF++}
rCold   . . .        q - +0 buckler
rNeg    . . .        e - +0 robe
rPois   .            (helmet restricted)
rElec   .            o - +0 cloak
rCorr   +            (no gloves)
SInv    .            (boots unavailable)
Will    .....        (no amulet)
Stlth   +            R - ring of resist corrosion
HPRegen 0.27/turn    (no ring)
MPRegen 0.13/turn

%: acrobat
@: confused, lethally poisoned (-3 -> -17), ambrosia-drunk, flying
A: beak, talons 3, evasive flight, acrobatic, fire resistance 1, noise
suppression
a: Renounce Religion


You were in the Ecumenical Temple.
You worshipped Vehumet.
Vehumet was noncommittal.
You visited 2 branches of the dungeon, and saw 7 of its levels.
You also visited: Ossuary.

You collected 144 gold pieces.


Innate Abilities, Weirdness & Mutations

You have a beak for a mouth.
You have claws for feet.
Your magical flight helps you evade attacks. (EV +4)
You can magically evade attacks while moving or waiting.
Your flesh is heat resistant. (rF+)
You passively dampen the noise of your surroundings.


   Skills:
 + Level 2.6 Fighting
 + Level 3.7 Dodging
 - Level 2.0 Stealth
 - Level 4.0 Shields
 - Level 3.0 Spellcasting
 + Level 7.1 Conjurations
 - Level 4.0 Air Magic
 + Level 2.2 Poison Magic


You had 5 spell levels left.
You knew the following spells:

 Your Spells              Type           Power      Damage    Failure   Level
m - Mephitic Cloud        Conj/Pois/Air  17%        N/A       12%         3
p - Poisonous Vapours     Pois/Air       26%        N/A       11%         2
t - Static Discharge      Conj/Air       42%        3-5/arc   3%          2
z - Shock                 Conj/Air       84%        1d8       2%          1

Your spell library contained the following spells:

 Spells                   Type           Power      Damage    Failure   Level
 Swiftness                Air            16%        N/A       14%         3
 Ensorcelled Hibernation  Hex/Ice        4%         N/A       36%         2
 Passwall                 Tmut/Erth      1%         N/A       36%         2
 Airstrike                Air            8%         2d(2-18)  43%         4
 Summon Guardian Golem    Hex/Summ       2%         N/A       58%         3
 Freezing Cloud           Conj/Ice/Air   7%         6-21      83%         5
 Orb of Destruction       Conj           13%        9d7       100%        7
 Spellforged Servitor     Conj/Summ      7%         N/A       100%        7

Inventory:

Hand Weapons
 b - a +2 dagger of electrocution
 r - the +4 whip "Puofraox" (weapon) {flame, rF++}
   (You found it on level 2 of the Dungeon)

   rF++:      It greatly protects you from fire.
Armour
 e - a +0 robe (worn)
 o - a +0 cloak (worn)
 q - a +0 buckler (worn)
Magical Staves
 a - a staff of death {!a}
Jewellery
 R - a ring of resist corrosion (left hand)
Talismans
 w - a maw talisman
Wands
 c - a wand of digging (3)
 v - a wand of flame (32)
Scrolls
 f - a scroll of teleportation {@r2}
 k - a scroll of enchant weapon
 l - 2 scrolls of fog
 m - 2 scrolls of noise
 s - a scroll of enchant armour
 u - 3 scrolls of fear
 y - 2 scrolls of poison
 B - a scroll of summoning
Potions
 d - 2 potions of enlightenment {unknown}
 h - 3 potions of might
 i - 2 potions of attraction
 j - 2 potions of magic
 n - a potion of brilliance {unknown}
 p - a potion of ambrosia
 t - 4 potions of mutation
 x - 2 potions of heal wounds {unknown}
 z - 2 potions of resistance
 A - a potion of lignification {unknown}

Dungeon Overview and Level Annotations

Branches:
Dungeon (6/15)             Temple (1/1) D:5         Ossuary (visited)

Altars:
Ashenzari
Cheibriados
Dithmenos
Elyvilon
Fedhas
Gozag
Hepliaklqana
Kikubaaqudgha
Makhleb
Nemelex Xobeh
Okawaru
Qazlal
Ru
Sif Muna
Trog
Uskayaw
Vehumet
Wu Jian
Xom
Yredelemnul
Zin
The Shining One

....⚑...........⚑.............≈≈≈
.............................≈≈≈≈
..........<.............⚑...≈≈≈≈≈
...........................≈≈≈≈≈≈
......⚑.......⚑...........≈≈≈≈≈≈≈
.........................≈≈≈≈≈≈≈≈
.⚑.................⚑....≈≈≈≈≈≈≈≈≈
................S......≈≈≈≈≈≈≈≈≈≈
§.........⚑....s@.....≈≈≈≈≈≈≈≈≈≈≈
.....................≈§≈≈≈≈≈≈≈≈≈≈
§...⚑...........⚑..§§§§§≈≈≈≈≈≈≈≈≈
§≈................§§§§§§≈≈≈≈≈≈≈≈≈
≈≈≈...............§§§§§§≈≈≈≈≈≈≈≈≈
≈≈≈≈.............≈≈§≈§§≈≈≈≈≈≈≈≈≈≈
≈≈≈≈≈..⚑.....⚑..≈§§≈≈≈≈≈≈≈≈≈≈≈≈≈≈
≈≈≈≈≈≈.........≈§§≈§≈≈§§≈≈≈≈≈≈≈≈≈
≈≈≈≈≈≈≈.......≈≈≈≈≈≈≈≈≈≈≈≈≈≈≈≈≈≈≈


You could see a water moccasin and a scorpion.


Message History

You feel very sick. The scorpion completely misses you.
You block the water moccasin's attack.
You feel sick.
The water moccasin attacks as it pursues you!
The water moccasin completely misses you.
The scorpion attacks as it pursues you! The scorpion stings you.
* * * LOW HITPOINT WARNING * * *
You are lethally poisoned!
The scorpion poisons you!
* * * LOW HITPOINT WARNING * * *
You feel very sick. The scorpion attacks as it pursues you!
The scorpion closely misses you. The water moccasin misses you.
Okay, then.
It was a potion of mutation.
You feel extremely strange.
You feel resistant to heat.
You feel your surroundings grow quieter.
* * * LOW HITPOINT WARNING * * *
You feel very sick. The scorpion stings you.
* * * LOW HITPOINT WARNING * * *
You are more poisoned.
The scorpion poisons you! The water moccasin misses you.
It was a potion of ambrosia.
You are confused.
You feel invigorated.
* * * LOW HITPOINT WARNING * * *
You feel very sick. The scorpion stings you.
You die...

Skill      XL: |  1  2  3  4  5  6  7 |
---------------+----------------------+-----
Conjurations   | 2 3 5 6 7 |  7.1
Shields        | 2 3 4 |  4.0
Fighting       | 1 2 |  2.6
Dodging        | 3 |  3.7
Poison Magic   | 2 |  2.2
Spellcasting   | 3 |  3.0
Stealth        | |  2.0
Air Magic      | |  4.0

Action                     |  1- 3 |  4- 6 |  7- 9 || total
---------------------------+-------+-------+-------++-------
  Melee: Whip              |       |    23 |    71 ||    94
         Kick              |       |     3 |    32 ||    35
         Peck              |       |     2 |    28 ||    30
   Cast: Shock             |    73 |   154 |    60 ||   287
         Static Discharge  |       |    13 |    12 ||    25
         Poisonous Vapours |       |     3 |    27 ||    30
  Evoke: Wand              |       |     1 |       ||     1
    Use: Scroll            |     1 |    10 |     1 ||    12
         Potion            |       |     1 |     3 ||     4
 Armour: Robe              |     7 |    42 |    43 ||    92
  Dodge: Dodged            |     8 |    41 |    62 ||   111
  Block: Buckler           |       |    16 |     7 ||    23

Levels and vault maps discovered:
D:1:      scummos_arrival_gate, layout_loops_ring, minmay_misc_feat_square,
          nicolae_the_louvre
D:2:      layout_basic, serial_forest, infiniplex_forest_lined_2,
          infiniplex_forest_end_3, infiniplex_forest_split,
          infiniplex_forest_straight_1, infiniplex_forest_end_2,
          infiniplex_forest_straight_3, infiniplex_forest_lined_1,
          infiniplex_forest_corner_2, nicolae_ecumenical_oubliette, uniq_robin
D:3:      layout_loops_corners, solitary_fountain
D:4:      layout_basic, gammafunk_temple_overflow_claw,
          nicolae_ossuary_entry_giza
D:5:      layout_loops_ring, minmay_temple_entry_junction
D:6:      wad_woods_stonehenge, layout_cave_pools,
          hangedman_abyss_or_decor_lesser_grid, nicolae_water_bricks,
          kennysheep_doodads
Temple:   compressed_dpeg_triangle_lava_temple

Notes
Turn   | Place    | Note
-------+----------+-------------------------------------------
     0 | D:1      | quinnr the Tengu Air Elementalist began the quest for the
                  | Orb.
     0 | D:1      | Reached XP level 1. HP: 10/10 MP: 4/4
   139 | D:1      | Reached skill level 2 in Conjurations
   344 | D:1      | Reached XP level 2. HP: 15/15 MP: 4/6
   494 | D:1      | Reached skill level 3 in Conjurations
   799 | D:2      | Reached XP level 3. HP: 19/19 MP: 3/7
   802 | D:2      | Learned a level 2 spell: Static Discharge
   848 | D:2      | Reached skill level 4 in Conjurations
  1408 | D:2      | Noticed Robin
  1413 | D:2      | Reached skill level 5 in Conjurations
  1413 | D:2      | Reached XP level 4. HP: 24/24 MP: 4/8
  1413 | D:2      | Killed Robin
  1576 | D:2      | Found a faded altar of an unknown god.
  2207 | D:2      | Identified the +4 whip "Puofraox" {flame, rF++}
  2763 | D:3      | Noticed a phantom
  2795 | D:3      | Killed a phantom
  2796 | D:3      | Reached skill level 2 in Shields
  2796 | D:3      | Reached skill level 6 in Conjurations
  2796 | D:3      | Reached XP level 5. HP: 25/28 MP: 2/9
  3515 | D:3      | Reached skill level 3 in Shields
  4100 | D:4      | Reached XP level 6. HP: 32/32 MP: 10/10
  4217 | D:4      | Found a sand-covered staircase.
  4225 | Ossuary  | Entered an ossuary
  4351 | Ossuary  | Reached skill level 4 in Shields
  4811 | Ossuary  | Reached skill level 1 in Fighting
  5077 | Ossuary  | Identified 2 potions of resistance
  5105 | D:4      | Learned a level 3 spell: Mephitic Cloud
  5108 | D:4      | Learned a level 2 spell: Poisonous Vapours
  5186 | D:4      | Gained mutation: Your magical flight helps you evade
                  | attacks. (EV +4) [Tengu growth]
  5186 | D:4      | Reached XP level 7. HP: 30/38 MP: 0/11
  5764 | D:4      | Reached skill level 3 in Dodging
  5807 | D:4      | Found a sacrificial altar of Ru.
  5807 | D:4      | Found an ornate altar of the Wu Jian Council.
  5808 | D:4      | Found a shimmering blue altar of Sif Muna.
  5995 | D:4      | Reached skill level 1 in Poison Magic
  7146 | D:5      | Entered Level 5 of the Dungeon
  7279 | D:5      | Reached skill level 2 in Fighting
  7485 | D:5      | Reached skill level 3 in Spellcasting
  7577 | D:5      | Reached skill level 7 in Conjurations
  7577 | D:5      | Reached skill level 2 in Poison Magic
  7636 | D:5      | Found a staircase to the Ecumenical Temple.
  7677 | Temple   | Entered the Ecumenical Temple
  7682 | Temple   | Became a worshipper of Vehumet
  7724 | D:5      | Reached XP level 8. HP: 38/45 MP: 0/13
  7751 | Temple   | Gained mutation: Your flesh is heat resistant. (rF+)
                  | [potion of mutation]
  7751 | Temple   | Gained mutation: You passively dampen the noise of your
                  | surroundings. [potion of mutation]
  7751 | Temple   | HP: 3/45 [scorpion (2)]
  7752 | Temple   | Slain by a scorpion

Vanquished Creatures
  A water moccasin (D:5)
  A phantom (D:3)
  2 water moccasin zombies (Ossuary)
  3 hounds
  2 sleepcaps
  5 iguanas
  3 mummies
  Robin (D:2)
  4 gnolls (D:4)
  9 adders
  6 adder zombies (Ossuary)
  2 worms
  A dart slug (D:1)
  2 orcs (D:3)
  6 bats
  10 endoplasms
  A giant cockroach (D:2)
  4 gnoll zombies (Ossuary)
  14 goblins
  6 hobgoblins
  12 jackals
  4 quokkas
  6 ball pythons
  4 frilled lizards
  A goblin zombie (D:4)
  4 hobgoblin zombies
  6 kobolds
  3 kobold zombies (Ossuary)
  4 orc zombies (Ossuary)
  8 rats
135 creatures vanquished.

Vanquished Creatures (collateral kills)
  2 jackals (D:4)
2 creatures vanquished.

Grand Total: 137 creatures vanquished

Table legend: (Time is in decaauts)
 A = Elapsed time spent in this place.
 B = Non-inter-level travel time spent in this place.
 C = Inter-level travel time spent in this place.
 D = Time resting spent in this place.
 E = Time spent auto-exploring this place.
 F = Levels seen in this place.
 G = Mean time per level.
                   A        B        C        D        E       F      G
               +--------+--------+--------+--------+--------+-----+--------+
         Total |   7767 |   7262 |    505 |    238 |   5788 |   8 |  970.9 |
       Dungeon |   6884 |   6385 |    499 |    103 |   5251 |   6 | 1147.3 |
        Temple |     20 |     15 |      5 |      0 |      0 |   1 |   20.0 |
       Ossuary |    863 |    863 |      0 |    135 |    537 |   1 |  863.0 |
               +--------+--------+--------+--------+--------+-----+--------+

Top non-repeatable levels by time:
     D:2: 2480 daAuts
     D:3: 1525 daAuts
     D:4: 1296 daAuts
     D:1: 993 daAuts
 Ossuary: 863 daAuts
     D:5: 571 daAuts
  Temple: 20 daAuts
     D:6: 16 daAuts

Table legend:
 A = Non-vault XP
 B = Vault XP
 C = Vault XP percentage of total XP
 D = Non-vault monster count
 E = Vault monster count
 F = Vault count percentage of total count
                 A         B        C        D         E       F
            +---------+---------+-------+---------+---------+-------
      Total |     955 |     300 |  23.9 |      98 |      39 |  28.5
            +---------+---------+-------+---------+---------+-------
        D:1 |      32 |       0 |   0.0 |      18 |       0 |   0.0
        D:2 |      82 |      36 |  30.5 |      27 |      12 |  30.8
        D:3 |     189 |       0 |   0.0 |      21 |       0 |   0.0
        D:4 |     256 |      20 |   7.2 |      21 |       3 |  12.5
        D:5 |     396 |       0 |   0.0 |      11 |       0 |   0.0
    Ossuary |       0 |     244 | 100.0 |       0 |      24 | 100.0
            +---------+---------+-------+---------+---------+-------

Levels and vault maps discovered:
D:1:      scummos_arrival_gate, layout_loops_ring, minmay_misc_feat_square,
          nicolae_the_louvre
D:2:      layout_basic, serial_forest, infiniplex_forest_lined_2,
          infiniplex_forest_end_3, infiniplex_forest_split,
          infiniplex_forest_straight_1, infiniplex_forest_end_2,
          infiniplex_forest_straight_3, infiniplex_forest_lined_1,
          infiniplex_forest_corner_2, nicolae_ecumenical_oubliette, uniq_robin
D:3:      layout_loops_corners, solitary_fountain
D:4:      layout_basic, gammafunk_temple_overflow_claw,
          nicolae_ossuary_entry_giza
D:5:      layout_loops_ring, minmay_temple_entry_junction
D:6:      wad_woods_stonehenge, layout_cave_pools,
          hangedman_abyss_or_decor_lesser_grid, nicolae_water_bricks,
          kennysheep_doodads
Temple:   compressed_dpeg_triangle_lava_temple
